Map: Cyber Forest LE

Players

Twixxo - Winner!

  • Race: Terran Terran
  • League: Platinum
  • Spawn Location: 11:00

SandboX

  • Race: Zerg Zerg
  • League: Gold
  • Spawn Location: 5:00

VOD

Have the link to the VOD?

Description

Time

  • Played on: Aug. 10, 2019, 2:16 p.m.
  • Length: 9:39
Show
View Real Time Build Order
Export as new Build Order

Twixxo Terran - Winner!

Build Orders: 1/1/1, Liberator Opening 

Get SALT Encoding   

  12  0:01  SCV  
  13  0:13  SCV  
  14  0:18  Supply Depot  
  14  0:26  SCV  
  15  0:30  Refinery  
  15  0:42  Barracks  
  15  0:48  Refinery  
  15  0:51  SCV  
  16  1:04  SCV  
  17  1:16  SCV  
  18  1:29  Factory  
  18  1:33  Marine, Supply Depot  
  18  1:38  SCV  
  20  1:50  SCV  
  21  1:57  Marine  
  22  2:04  SCV  
  23  2:14  Factory Tech Lab  
  23  2:18  Starport  
  23  2:19  SCV  
  24  2:32  SCV  
  24  2:33  Marine  
  26  2:44  Liberator  
  26  2:48  SCV  
  27  2:54  Fusion Core  
  30  3:06  Supply Depot  
  30  3:10  Orbital Command  
  30  3:48  Battlecruiser  
  36  4:02  SCV, Supply Depot  
  37  4:04  Marine  
  37  4:06  Factory Tech Lab  
  38  4:16  Barracks  
  38  4:25  SCV  
  39  5:07  Marine  
  39  5:08  Barracks Tech Lab  
  39  5:09  Medivac  
  39  5:13  Engineering Bay  
  42  5:21  Siege Tank  
  45  5:39  Medivac  
  47  6:20  Supply Depot  
  47  6:21  Missile Turret, Command Center  
  47  6:22  Weapon Refit  
  47  6:42  Marine x2  
  47  6:43  Supply Depot  
  49  6:59  Marine x2  
  51  7:07  Siege Tank  
  54  7:08  Terran Infantry Armor Level 1  
  54  7:09  SCV  
  55  7:17  Marine x2, Barracks  
  57  7:35  Marine x2  
  58  7:53  Marine x2  
  58  7:57  Barracks  
  60  8:03  Supply Depot  
  60  8:06  SCV, Barracks  
  60  8:07  Missile Turret  
  60  8:11  Marine  
  62  8:15  Orbital Command  
  62  8:24  Missile Turret  
  62  8:26  Supply Depot  
  62  8:28  Missile Turret  
  62  8:29  Marine  
  62  8:32  Refinery  
  63  8:38  Armory  
  63  8:42  SCV  
  61  8:49  Supply Depot  
  61  8:55  Barracks Reactor  
  61  8:56  Barracks Reactor  
  61  8:57  Supply Depot  
  61  9:07  SCV x2  
Show
View Real Time Build Order
Export as new Build Order

SandboX Zerg 

Build Orders: Hatch First 

Get SALT Encoding   

  12  0:02  Drone  
  13  0:19  Overlord  
  13  0:26  Drone  
  14  0:37  Drone x2  
  14  0:41  Drone  
  17  1:00  Drone, Hatchery  
  17  1:02  Drone  
  18  1:11  Extractor  
  18  1:18  Spawning Pool  
  16  1:21  Drone  
  16  1:24  Drone  
  18  1:34  Drone  
  20  1:47  Drone  
  20  1:57  Overlord  
  20  2:09  Zergling x2  
  20  2:12  Zergling x2  
  20  2:14  Queen  
  20  2:15  Queen  
  26  2:17  Metabolic Boost  
  26  2:20  Drone  
  27  2:23  Drone  
  28  2:35  Drone x2  
  30  2:48  Hatchery  
  30  2:58  Drone x3  
  30  2:59  Drone  
  30  3:04  Overlord  
  33  3:08  Drone  
  33  3:11  Drone  
  35  3:17  Drone  
  36  3:26  Overlord  
  36  3:28  Drone x4  
  36  3:29  Drone  
  36  3:33  Drone x2  
  43  3:43  Roach Warren  
  42  4:09  Drone x11, Extractor  
  52  4:11  Extractor  
  52  4:15  Overlord  
  51  4:33  Evolution Chamber  
  51  4:34  Roach x4  
  51  4:36  Evolution Chamber  
  51  4:37  Overlord x3  
  57  4:50  Overlord x3  
  57  4:55  Queen  
  59  5:04  Drone x6  
  59  5:20  Spore Crawler  
  50  5:24  Spore Crawler  
  50  5:27  Spore Crawler  
  42  5:34  Spore Crawler  
  39  5:41  Lair  
  37  5:59  Roach Warren  
  36  6:12  Hatchery  
  36  6:15  Roach x11  
  36  6:16  Roach  
  59  6:25  Spore Crawler  
  49  6:49  Spore Crawler  
  43  7:04  Hydralisk Den  
  42  7:13  Zergling x2  
  42  7:14  Roach x6  
  48  7:35  Hydralisk x2  
  28  7:42  Hydralisk  
  30  8:00  Drone x3  
  33  8:11  Drone x2  
  35  8:30  Drone x3  
  38  8:39  Drone x3  
  41  8:42  Drone  
  42  8:54  Drone x3  
  45  9:01  Evolution Chamber  
  44  9:05  Drone x3  
  48  9:10  Drone  
Tags
 
Add a new tag
Caveats
  • Supply blocks, unpowered buildings, or Contaminate may cause inaccurate times.
  • Supply counts are checked every 10 seconds.